 Dungeon Crawl Stone Soup version 0.28.0-61-g67df4f89a8 (webtiles) character file.

Game seed: 18304136207258928767

23 AarnesTheHuman the Skirmisher (level 2, -4/27 HPs)
             Began as a Hill Orc Fighter on Feb 13, 2023.
             Slain by a gnoll
             ... wielding a +0 flail
              (8 damage)
             ... on level 1 of the Dungeon.
             The game lasted 00:00:52 (726 turns).

AarnesTheHuman the Skirmisher (Hill Orc Fighter)     Turns: 726, Time: 00:00:53

Health: -4/27      AC:  8    Str: 18    XL:     2   Next: 95%
Magic:  2/2        EV:  9    Int:  8    God:
Gold:   24         SH:  4    Dex: 10    Spells: 1/1 levels left

rFire   . . .      SeeInvis .   a - +0 war axe
rCold   . . .      Faith    .   c - +0 buckler
rNeg    . . .      Spirit   .   b - +0 scale mail
rPois   .          Reflect  .   (no helmet)
rElec   .          Harm     .   (no cloak)
rCorr   .          Rampage  .   (no gloves)
Will    .....                   k - +0 pair of boots
Stlth   ..........              (no amulet)
HPRegen 0.09/turn               (no ring)
MPRegen 0.08/turn               (no ring)

@: no status effects
A: no striking features
a: no special abilities


You were on level 1 of the Dungeon.
You visited 1 branch of the dungeon, and saw 1 of its levels.

You collected 24 gold pieces.

Inventory:

Hand Weapons
 a - a +0 war axe (weapon)
 e - a +0 hunting sling
Missiles
 h - 19 stones (quivered)
Armour
 b - a +0 scale mail (worn)
 c - a +0 buckler (worn)
 k - a +0 pair of boots (worn)
Scrolls
 g - a scroll of immolation {unknown}
Potions
 d - a potion of might
 f - 2 potions of cancellation {unknown}
 i - a potion of flight {unknown}
 j - a potion of lignification {unknown}


   Skills:
 + Level 3.9 Fighting
 * Level 3.5 Axes
 + Level 3.5 Armour
 + Level 3.5 Shields


You had one spell level left.
You didn't know any spells.
Your spell library was empty.

Dungeon Overview and Level Annotations

Branches:
Dungeon (1/15)

Altars:

Shops:
D:1 !


Message History

The gnoll shouts!
The endoplasm quivers.
The gnoll hits you with a +0 flail.
You closely miss the gnoll. The gnoll barely misses you.
You closely miss the gnoll. The gnoll hits you with a +0 flail!
You closely miss the gnoll. You block the gnoll's attack.
The gnoll hits you with a +0 flail.
You hit the gnoll.
The gnoll is heavily wounded.
The gnoll barely misses you. You block the endoplasm's attack.
You closely miss the gnoll.
The gnoll is heavily wounded.
You barely miss the endoplasm. You block the gnoll's attack.
The endoplasm hits you but does no damage.
You barely miss the gnoll.
The gnoll is heavily wounded.
You hit the endoplasm but do no damage. The gnoll hits you with a +0 flail!
* * * LOW HITPOINT WARNING * * *
The endoplasm hits you but does no damage.
The gnoll hits you with a +0 flail.
* * * LOW HITPOINT WARNING * * *
You are too injured to fight recklessly!
You are too injured to fight recklessly!
You are too injured to fight recklessly!
You are too injured to fight recklessly!
You are too injured to fight recklessly!
You are too injured to fight recklessly!
You hit the gnoll.
The gnoll is severely wounded.
You hit the endoplasm. The endoplasm freezes you.
You are frozen.
* * * LOW HITPOINT WARNING * * *
You block the gnoll's attack. The endoplasm barely misses you.
You hit the gnoll but do no damage.
The gnoll is severely wounded.
You slash the endoplasm!
You kill the endoplasm!
The gnoll hits you with a +0 flail!
You die...

#..#.#.............#.#.###.####..
.....................#.# #.......
#..#.##.##......##...#.. ........
.....# .####.#..##...#..##..###..
...#.# .# ##................. ...
#..#.##.# #..........#..##..####.
#.......####.#..#....#..##..# #.
.....................#... #.
.....## ##.#..@...## #.#### #
#..#g#..... #.# #.##.# ##. ..#
#.# .# ##############.# .#
...............# .#
################ ## #


You could see a gnoll.

Vanquished Creatures
  3 endoplasms (D:1)
  A giant cockroach (D:1)
  7 hobgoblins (D:1)
  A quokka (D:1)
  3 ball pythons (D:1)
  A bat (D:1)
  A frilled lizard (D:1)
  4 kobolds (D:1)
  A rat (D:1)
22 creatures vanquished.

Notes
Turn   | Place    | Note
-------+----------+-------------------------------------------
     0 | D:1      | AarnesTheHuman the Hill Orc Fighter began the quest for the
                  | Orb.
     0 | D:1      | Reached XP level 1. HP: 19/19 MP: 1/1
   153 | D:1      | Reached XP level 2. HP: 24/27 MP: 2/2
   330 | D:1      | Found Meqynk's Distillery.
   726 | D:1      | Slain by a gnoll

Illustrated notes

Levels and vault maps discovered:
D:1:      wheals_arrival_shading, layout_basic, serial_shops, shop

Skill      XL: |  1 |
---------------+----+-----
Axes           | 3 |  3.5
Fighting       | |  3.9
Armour         | |  3.5
Shields        | |  3.5

Action                   || total
-------------------------++-------
Melee: War axe           ||    60
Armor: Scale mail        ||    27
Dodge: Dodged            ||    34
Block: Buckler           ||    15
